% Time on Ice - EDMONTON ICE
Lines # - Real PCT - Wanted PCT - Time Play
Normal Forward
1 - 37% - 37% - 19:04
2 - 33% - 34% - 16:49
3 - 22% - 23% - 11:14
4 - 8% - 6% - 4:04
Normal Defense
1 - 36% - 37% - 18:15
2 - 35% - 33% - 17:56
3 - 24% - 23% - 12:15
4 - 5% - 7% - 2:45
PP Forward
1 - 55% - 55% - 2:06
2 - 45% - 45% - 1:44
PP Defense
1 - 55% - 55% - 2:06
2 - 45% - 45% - 1:44
PK Forward
1 - 78% - 57% - 3:54
2 - 22% - 43% - 1:05
PK Defense
1 - 45% - 57% - 2:15
2 - 55% - 43% - 2:44
PK3 Forward
1 - 0% - 55%
2 - 0% - 45%
PK3 Defense
1 - 0% - 55%
2 - 0% - 45%
44 Forward
1 - 0% - 55%
2 - 0% - 45%
44 Defense
1 - 0% - 55%
2 - 0% - 45%
Last Minute Offensive  - 0:00
Last Minute Defensive  - 0:00
Total
Forward - 60:00
Defense - 60:00
% Time on Ice - VANCOUVER VOODOO
Lines # - Real PCT - Wanted PCT - Time Play
Normal Forward
1 - 28% - 31% - 14:22
2 - 28% - 31% - 14:18
3 - 28% - 27% - 14:30
4 - 16% - 11% - 8:01
Normal Defense
1 - 37% - 36% - 18:49
2 - 34% - 33% - 17:35
3 - 29% - 31% - 14:47
4 - 0% - 0% - 0:00
PP Forward
1 - 41% - 50% - 2:04
2 - 59% - 50% - 2:55
PP Defense
1 - 49% - 50% - 2:27
2 - 51% - 50% - 2:32
PK Forward
1 - 63% - 60% - 2:24
2 - 37% - 40% - 1:26
PK Defense
1 - 44% - 58% - 1:41
2 - 56% - 42% - 2:09
PK3 Forward
1 - 0% - 50%
2 - 0% - 50%
PK3 Defense
1 - 0% - 50%
2 - 0% - 50%
44 Forward
1 - 0% - 55%
2 - 0% - 45%
44 Defense
1 - 0% - 50%
2 - 0% - 50%
Last Minute Offensive  - 0:00
Last Minute Defensive  - 0:00
Total
Forward - 60:00
Defense - 60:00
Play-by-Play 1st period 0:01 of 1st period - Ryan O'Reilly wins face-off versus Victor Rask in neutral zone. 0:04 of 1st period - Shot by Anthony Mantha. 0:04 of 1st period - Shot Blocked by Mike Green. 0:06 of 1st period - Shot by Ryan Graves. 0:06 of 1st period - Stopped by Braden Holtby without a rebound. 0:07 of 1st period - Eric Staal wins face-off versus Timo Meier in VANCOUVER VOODOO zone. 0:38 of 1st period - Andrew Shaw is hit by Shea Theodore and loses puck. 1:01 of 1st period - Timo Meier is hit by Cameron Gaunce and loses puck. 1:08 of 1st period - Shot by Brandon Saad. 1:08 of 1st period - Deflect By Noel Acciari. 1:08 of 1st period - Stopped by Philipp Grubauer without a rebound. 1:09 of 1st period - Max Jones wins face-off versus Ryan O'Reilly in EDMONTON ICE zone. 1:12 of 1st period - Shot by Gustav Nyquist. 1:12 of 1st period - Stopped by Philipp Grubauer without a rebound. 1:13 of 1st period - Mikko Koivu wins face-off versus Victor Rask in EDMONTON ICE zone. 1:20 of 1st period - Shot by Gustav Nyquist. 1:20 of 1st period - Stopped by Philipp Grubauer with a rebound. 1:23 of 1st period - Icing by Calvin De Haan. 1:24 of 1st period - Paul Byron wins face-off versus Mikko Koivu in EDMONTON ICE zone. 1:38 of 1st period - Shot by Mikko Koivu. 1:38 of 1st period - Stopped by Braden Holtby without a rebound. 1:39 of 1st period - Travis Zajac wins face-off versus Ryan O'Reilly in VANCOUVER VOODOO zone. 1:39 of 1st period - Travis Zajac is hit by Anthony Mantha. 1:55 of 1st period - Shot by Anthony Mantha. 1:55 of 1st period - Shot Misses the Net. 2:14 of 1st period - Shot by Jaden Schwartz. 2:14 of 1st period - Stopped by Braden Holtby without a rebound. 2:15 of 1st period - Victor Rask wins face-off versus Ivan Barbashev in VANCOUVER VOODOO zone. 2:20 of 1st period - Shot by Max Jones. 2:20 of 1st period - Shot Misses the Net. 2:57 of 1st period - Ondrej Kase is hit by Cameron Gaunce and loses puck. 3:28 of 1st period - Shot by Ryan O'Reilly. 3:28 of 1st period - Shot Misses the Net. 3:30 of 1st period - Shot by Ryan O'Reilly. 3:30 of 1st period - Stopped by Braden Holtby without a rebound. 3:31 of 1st period - Eric Staal wins face-off versus Joel Eriksson Ek in VANCOUVER VOODOO zone. 3:46 of 1st period - Shot by Patric Hornqvist. 3:46 of 1st period - Shot Misses the Net. 3:48 of 1st period - Shot by Joel Eriksson Ek. 3:48 of 1st period - Shot Misses the Net. 3:50 of 1st period - Shot by Joel Eriksson Ek. 3:50 of 1st period - Shot Blocked by Jarred Tinordi. 4:26 of 1st period - Off-side. 4:27 of 1st period - Mikko Koivu wins face-off versus Cedric Paquette in neutral zone. 4:35 of 1st period - Icing by P.K. Subban. 4:36 of 1st period - Ondrej Kase wins face-off versus Cedric Paquette in VANCOUVER VOODOO zone. 6:44 of 1st period - Patric Hornqvist is hit by Noel Acciari and loses puck. 6:55 of 1st period - Shot by Brandon Saad. 6:55 of 1st period - Stopped by Philipp Grubauer without a rebound. 6:56 of 1st period - Eric Staal wins face-off versus Boone Jenner in EDMONTON ICE zone. 7:01 of 1st period - Shot by Eric Staal. 7:01 of 1st period - Shot Misses the Net. 8:00 of 1st period - Icing by Cameron Gaunce. 8:01 of 1st period - Ryan O'Reilly wins face-off versus Eric Staal in VANCOUVER VOODOO zone. 8:02 of 1st period - Shot by Jaden Schwartz. 8:02 of 1st period - Stopped by Braden Holtby without a rebound. 8:03 of 1st period - Ryan O'Reilly wins face-off versus Victor Rask in VANCOUVER VOODOO zone. 8:39 of 1st period - Victor Rask is hit by Colton Parayko. 8:42 of 1st period - Icing by Colton Parayko. 8:43 of 1st period - Ryan O'Reilly wins face-off versus Noel Acciari in EDMONTON ICE zone. 9:19 of 1st period - Icing by Jeff Petry. 9:20 of 1st period - Eric Staal wins face-off versus Joel Eriksson Ek in EDMONTON ICE zone. 9:40 of 1st period - Icing by Jeff Petry. 9:41 of 1st period - Joel Eriksson Ek wins face-off versus Victor Rask in EDMONTON ICE zone. 10:08 of 1st period - Shot by Joel Eriksson Ek. 10:08 of 1st period - Shot Misses the Net. 10:15 of 1st period - Victor Rask is hit by Timo Meier and loses puck. 10:16 of 1st period - Minor Penalty to Patric Hornqvist for Roughing. 10:17 of 1st period - Boone Jenner wins face-off versus Eric Staal in EDMONTON ICE zone. 11:13 of 1st period - Shot by Victor Rask. 11:13 of 1st period - Shot Misses the Net. 11:15 of 1st period - Shot by Andrew Shaw. 11:15 of 1st period - Stopped by Philipp Grubauer with a rebound. 11:17 of 1st period - Shot by Andrew Shaw. 11:17 of 1st period - Goal by Andrew Shaw - EDMONTON ICE : 0 - VANCOUVER VOODOO : 1. 11:18 of 1st period - Cedric Paquette wins face-off versus Ryan O'Reilly in neutral zone. 11:51 of 1st period - Shea Theodore is hit by Cameron Gaunce. 11:55 of 1st period - Shot by Anthony Mantha. 11:55 of 1st period - Stopped by Braden Holtby with a rebound. 11:57 of 1st period - Shot by Shea Theodore. 11:57 of 1st period - Stopped by Braden Holtby without a rebound. 11:58 of 1st period - Mikko Koivu wins face-off versus Eric Staal in VANCOUVER VOODOO zone. 12:04 of 1st period - Danny DeKeyser is hit by Mikko Koivu and loses puck. 12:10 of 1st period - Minor Penalty to Jarred Tinordi for Interference. 12:11 of 1st period - Ryan O'Reilly wins face-off versus Travis Zajac in VANCOUVER VOODOO zone. 12:53 of 1st period - Travis Zajac is hit by Patric Hornqvist. 13:50 of 1st period - Icing by Anthony Mantha. 13:51 of 1st period - Joel Eriksson Ek wins face-off versus Travis Zajac in EDMONTON ICE zone. 15:07 of 1st period - Off-side. 15:08 of 1st period - Ryan O'Reilly wins face-off versus Cedric Paquette in neutral zone. 15:27 of 1st period - Shot by Ryan O'Reilly. 15:27 of 1st period - Shot Misses the Net. 15:29 of 1st period - Shot by Anthony Mantha. 15:29 of 1st period - Goal by Anthony Mantha - EDMONTON ICE : 1 - VANCOUVER VOODOO : 1. 15:30 of 1st period - Joel Eriksson Ek wins face-off versus Travis Zajac in neutral zone. 16:03 of 1st period - Shot by Timo Meier. 16:03 of 1st period - Shot Blocked by Brandon Saad. 18:47 of 1st period - Shot by Max Jones. 18:47 of 1st period - Stopped by Philipp Grubauer without a rebound. 18:48 of 1st period - Ryan O'Reilly wins face-off versus Eric Staal in EDMONTON ICE zone. 19:15 of 1st period - Shot by Jaden Schwartz. 19:15 of 1st period - Goal by Jaden Schwartz - EDMONTON ICE : 2 - VANCOUVER VOODOO : 1. 19:16 of 1st period - Victor Rask wins face-off versus Ivan Barbashev in neutral zone. 19:22 of 1st period - Ondrej Kase is hit by Gustav Nyquist and loses puck. Goals for this period are 2 for EDMONTON ICE vs 1 for VANCOUVER VOODOO. Shots for this period are 9 for EDMONTON ICE vs 7 for VANCOUVER VOODOO. 2nd period 0:01 of 2nd period - Ryan O'Reilly wins face-off versus Brendan Lemieux in neutral zone. 0:04 of 2nd period - Shot by Anthony Mantha. 0:04 of 2nd period - Stopped by Braden Holtby without a rebound. 0:05 of 2nd period - Eric Staal wins face-off versus Ryan O'Reilly in VANCOUVER VOODOO zone. 0:07 of 2nd period - Icing by Andrew Shaw. 0:08 of 2nd period - Ryan O'Reilly wins face-off versus Brendan Lemieux in VANCOUVER VOODOO zone. 0:23 of 2nd period - Shot by Eric Staal. 0:23 of 2nd period - Stopped by Philipp Grubau